 Dungeon Crawl Stone Soup version 0.18.1-5-g4a78601 (webtiles) character file.

62 Jeelzebub the Grave Robber (level 3, -8/24 HPs)
             Began as a Mummy Necromancer on May 11, 2016.
             Killed from afar by an orc wizard (9 damage)
             ... with a magic dart
             ... on level 2 of the Dungeon.
             The game lasted 00:02:30 (2120 turns).

Jeelzebub the Grave Robber (Mummy Necromancer)      Turns: 2120, Time: 00:02:30

Health: -8/24      AC:  6    Str: 11    XL:     3   Next: 85%
Magic:  0/7        EV: 12    Int: 15    God:
Gold:   111        SH:  0    Dex: 12    Spells: 2 memorised, 3 levels left

rFire  x . .     SeeInvis .     d - +0 mace
rCold  + . .     Gourm    .     a - +0 robe
rNeg   + + +     Faith    .     (no shield)
rPois  ∞         Spirit   .     o - +0 helmet (curse)
rElec  .         Dismiss  .     i - +0 cloak
rCorr  .         Reflect  .     (no gloves)
SustAt .         Harm     .     n - +1 pair of boots {Stlth+}
MR     .....                    g - amulet of magic regeneration
Stlth  +++.......               (no ring)
                                (no ring)

@: very slightly contaminated, not resistant to hostile enchantments, fairly
stealthy
A: no food or potions, fire vulnerability, cold resistance 1, negative energy
resistance 3, torment resistance, unbreathing
a: no special abilities


You were on level 2 of the Dungeon.
You were not hungry.

You visited 1 branch of the dungeon, and saw 3 of its levels.

You collected 111 gold pieces.

Inventory:

Hand Weapons
 d - a +0 mace (weapon)
   (You found it on level 1 of the Dungeon)
Missiles
 e - 5 curare-tipped needles
Armour
 a - a +0 robe (worn)
 i - a +0 cloak (worn)
   (You found it on level 1 of the Dungeon)
 n - a +1 pair of boots of stealth (worn)
   (You found it on level 2 of the Dungeon)
 o - a cursed +0 helmet (worn)
   (You found it on level 2 of the Dungeon)
Jewellery
 g - an amulet of magic regeneration (around neck)
   (You took it off a hobgoblin on level 1 of the Dungeon)
 m - an uncursed amulet of faith {Faith, !P}
   (You found it on level 2 of the Dungeon)
Wands
 p - a wand of lightning (9/15)
   (You found it on level 2 of the Dungeon)
Scrolls
 c - a scroll of recharging {unknown}
 f - a scroll of magic mapping {unknown}
 h - 4 scrolls of teleportation {unknown}
 j - 2 scrolls of noise {unknown}
 k - 2 scrolls of remove curse {unknown}
 l - a scroll of identify {unknown}
Books
 b - a book of Necromancy


   Skills:
 - Level 1.5 Dodging
 - Level 1.5 Stealth
 + Level 2.9 Spellcasting
 * Level 5.0 Necromancy


You had 3 spell levels left.
You knew the following spells:

 Your Spells              Type           Power        Failure   Level  Hunger
a - Pain                  Necr           ###.         2%          1    N/A
x - Vampiric Draining     Necr           ###.......   10%         3    N/A

Dungeon Overview and Level Annotations

Branches:
Dungeon (3/15)

Altars:


Innate Abilities, Weirdness & Mutations

You do not eat or drink.
Your flesh is vulnerable to fire.
You are immune to poison.
Your flesh is cold resistant.
You are immune to negative energy.
You are immune to unholy pain and torment.
You can survive without breathing.


Message History

The kobold misses you.
An orc wizard comes into view. It is wielding a dagger.
You completely miss the kobold. The kobold hits you but does no damage.
The orc wizard gestures wildly while chanting.
The orc wizard flickers and vanishes!
Deactivating autopickup; reactivate with Ctrl-A.
You sock the kobold!
You kill the kobold!
The kobold hits you but does no damage.
You hear some strange, mumbled words.
You hit the orc. The kobold barely misses you. The orc closely misses you.
The kobold barely misses you. The orc hits you with a whip.
You take 3 damage, and have 21/24 hp.
Unknown command.
There is a stone staircase leading up here.
You hit the kobold.
You kill the kobold!
The orc hits you with a whip.
You take 4 damage, and have 17/24 hp.
The orc hits you with a whip. Something hits you but does no damage.
You climb upwards.
There is a stone staircase leading down here.
You take 5 damage, and have 12/24 hp.
MASSIVE DAMAGE!!
Aim: an orc, wielding a whip (heavily wounded)
You kill the orc!
You feel life coursing into your body.
You regained 2 hp, and now have 14/24 hp.
You now have 4/7 mp.
You start resting.
Health restored: 24; MP restored: 7 You climb downwards.
You hear the sound of rushing water.
There is an entrance to a sewer on this level.
Hurry and find it before the portal rusts away!
You hear the slow rusting of a very distant drain.
The rat barely misses you. The orc hits you but does no damage.
There is a stone staircase leading up here.
Unknown command.
Unknown command.
You hit the orc. The rat bites you. The orc hits you but does no damage.
The orc wizard mumbles some strange words.
The orc wizard seems to speed up.
The rat misses you. The orc hits you but does no damage.
You take 1 damage, and have 23/24 hp.
You barely miss the orc.
The orc wizard gestures wildly while chanting.
The orc wizard flickers and vanishes!
The rat bites you but does no damage. The orc hits you but does no damage.
You hit the orc. Something hits you but does no damage.
The rat closely misses you. The orc hits you but does no damage.
You hear some strange, mumbled words.
A puff of flame appears from out of thin air!
The puff of flame misses you.
You hit the orc.
You kill the orc!
Your Necromancy skill increases to level 5!
The rat bites you but does no damage.
You hear some strange, mumbled words.
A magic dart appears from out of thin air!
The magic dart hits you! Something hits you but does no damage.
The rat closely misses you.
You take 10 damage, and have 13/24 hp.
MASSIVE DAMAGE!!
You feel life coursing into your body.
You hear some strange, mumbled words.
A magic dart appears from out of thin air!
The magic dart hits you! The rat misses you.
You take 1 damage, and have 12/24 hp.
You now have 4/7 mp.
You miscast Vampiric Draining.
You are very lightly contaminated with residual magic.
Nothing appears to happen.
Something hits you but does no damage. x2
The rat closely misses you.
You now have 1/7 mp.
Nothing appears to happen.
Something hits you. The rat bites you.
* * * LOW HITPOINT WARNING * * *
You take 5 damage, and have 7/24 hp.
MASSIVE DAMAGE!!
You now have 0/7 mp.
Something hits you but does no damage. Something hits you.
* * * LOW HITPOINT WARNING * * *
The rat bites you but does no damage.
You climb upwards.
There is a stone staircase leading down here.
You take 2 damage, and have 5/24 hp.
You closely miss something. Something hits you but does no damage.
The rat misses you. Something hits you but does no damage.
You hit something but do no damage. Something hits you but does no damage.
The rat closely misses you. Something hits you.
* * * LOW HITPOINT WARNING * * *
The rat closely misses you.
You take 4 damage, and have 1/24 hp.
Nothing appears to happen.
Something hits you but does no damage. The rat closely misses you.
Something hits you but does no damage.
You now have 1/7 mp.
Unknown command.
Nothing appears to happen.
You hear some strange, mumbled words.
A magic dart appears from out of thin air!
The magic dart hits you!
You die...

####.###### #.######
#.........# #.#
#.##.#.##.######### #.#
#.##.#.##.##......# #.#
#.##......##.####.# #.# ###
#.##.#..........#.###.#####..
#.##.#....##.##..............
#.........##{####.####.###>..
############@####.####.###...
#.r....#..%....#.#
########.##.##.#..
#.##....### #.#####.# #
#.#####.# # #.......#
#######.## ##...##


You could see a rat.

Vanquished Creatures
  2 adders (D:2)
  A worm (D:2)
  A giant gecko (D:1)
  2 orcs
  4 ball pythons
  A giant cockroach (D:1)
  4 goblins
  3 hobgoblins
  8 kobolds
  7 bats
  A giant newt (D:2)
  5 rats
39 creatures vanquished.

Notes
Turn   | Place    | Note
--------------------------------------------------------------
     0 | D:1      | Jeelzebub the Mummy Necromancer began the quest for the Orb.
     0 | D:1      | Reached XP level 1. HP: 13/13 MP: 3/3
   339 | D:1      | Reached XP level 2. HP: 19/19 MP: 5/5
  1344 | D:2      | HP: 4/19 [adder (3)]
  1346 | D:2      | Reached XP level 3. HP: 4/24 MP: 3/6
  1421 | D:2      | Learned a level 3 spell: Vampiric Draining
  2111 | D:3      | Reached skill level 5 in Necromancy
  2115 | D:3      | HP: 5/24 [something (3)]
  2118 | D:2      | HP: 1/24 [something (4)]
  2120 | D:2      | Killed from afar by an orc wizard

Skill      XL: |  1  2  3 |
---------------+----------+-----
Necromancy     | 5 |  5.0
Dodging        | |  1.5
Stealth        | |  1.5
Spellcasting   | |  2.9

Action                   || total
-------------------------++-------
Melee: Unarmed           ||     8
       Mace              ||    89
 Cast: Pain              ||    14
       Vampiric Draining ||     2
 Stab: Sleeping          ||     6
Armor: Robe              ||    49
Dodge: Dodged            ||    82

Vault maps used:
D:1:      lightli_molten_gateway
D:3:      fedhas_altar_2, portal_sewer_entry_a, kennysheep_generic_room_14

Table legend:
 A = Turns spent in this place as a percentage of turns spent in the entire game.
 B = Non-inter-level travel turns spent in this place as a percentage of non-inter-level travel turns spent in the entire game.
 C = Inter-level travel turns spent in this place as a percentage of turns spent in this place.
 D = Turns resting spent in this place as a percentage of non-inter-level travel turns spent in this place.
 E = Turns spent auto-exploring this place as a percentage of non-inter-level travel turns spent in this place.
 F = Non-inter-level travel turns spent in this place divided by the number of levels of this place that you've seen.
                   A       B       C       D       E      F
               +-------+-------+-------+-------+-------+----------------------
         Total | 100.0 | 100.0 |   0.4 |   2.9 |  12.0 | 163.7
       Dungeon | 100.0 | 100.0 |   0.4 |   2.9 |  12.0 | 163.7
               +-------+-------+-------+-------+-------+----------------------

Table legend:
 A = Kills in this place as a percentage of kills in entire the game.
 B = Kills by you in this place as a percentage of kills by you in the entire game.
 C = Kills by friends in this place as a percentage of kills by friends in the entire game.
 D = Other kills in this place as a percentage of other kills in the entire game.
 E = Experience gained in this place as a percentage of experience gained in the entire game.
 F = Experience gained in this place divided by the number of levels of this place that you have seen.
                   A       B       C       D       E      F
               +-------+-------+-------+-------+-------+----------------------
         Total | 100.0 | 100.0 |  -nan |  -nan | 100.0 |  29.7
       Dungeon | 100.0 | 100.0 |  -nan |  -nan | 100.0 |  29.7
               +-------+-------+-------+-------+-------+----------------------
